 Dungeon Crawl Stone Soup version 0.31-a0-175-g9f7f995f2b (webtiles) character file.

Game seed: 14467151730601812604

2999 qw the Cleaver (level 9, -3/57 HPs)
             Began as a Gargoyle Fighter on June 17, 2023.
             Was an Initiate of Okawaru.
             Slain by a boulder beetle (40 damage)
             ... on level 6 of the Dungeon.
             The game lasted 00:03:08 (6057 turns).

qw the Cleaver (Gargoyle Fighter)                   Turns: 6057, Time: 00:03:09

Health: -3/57      AC: 20    Str: 28    XL:     9   Next: 84%
Magic:  11/11      EV:  9    Int:  8    God:    Okawaru [......]
Gold:   395        SH:  4    Dex:  8    Spells: 8/8 levels left

rFire   . . .        Y - +2 war axe
rCold   . . .        c - +0 buckler
rNeg    + . .        m - +0 chain mail
rPois   inf          k - +2 helmet
rElec   +            (no cloak)
rCorr   .            p - +0 pair of gloves
SInv    .            (no boots)
Will    +....        e - amulet of the acrobat Stlth
                     (no ring)
HPRegen 0.29/turn    (no ring)
MPRegen 0.12/turn

%: acrobat
@: no status effects
A: sickness immunity, AC +6, negative energy resistance 1, electricity
resistance, torment resistance 1, petrification resistance, hooves 1,
strong-willed 1, strong 1
a: Renounce Religion


You were on level 6 of the Dungeon.
You worshipped Okawaru.
Okawaru was noncommittal.
You visited 2 branches of the dungeon, and saw 7 of its levels.

You collected 395 gold pieces.


Innate Abilities, Weirdness & Mutations

You are immune to sickness and miasma.
Your stone body is resilient. (AC +6)
You are immune to poison.
You resist negative energy. (rN+)
You are resistant to electric shocks. (rElec)
You are resistant to unholy torment.
You are immune to petrification.
You have large cloven feet.
You are strong-willed. (Will+)
Your muscles are strong. (Str +4, Int/Dex -1)


   Skills:
 - Level 7.1 Fighting
 + Level 9.7 Axes
 - Level 0.4 Throwing
 - Level 5.2 Armour
 - Level 1.3 Dodging
 - Level 4.2 Shields
 - Level 3.3 Invocations


You had 8 spell levels left.
You didn't know any spells.
Your spell library was empty.

Inventory:

Hand Weapons
 a - a +2 flail of protection
 Y - a +2 war axe (weapon)
Armour
 c - a +0 buckler (worn)
 k - a +2 helmet (worn)
 m - a +0 chain mail (worn)
 p - a +0 pair of gloves (worn)
 r - the +0 chain mail of Sin {Drain rF+ rC+ Str+2}
   (You found it on level 6 of the Dungeon)

   Str:       It affects your strength (+2).
   rF:        It protects you from fire.
   rC:        It protects you from cold.
   Drain:     It drains your maximum health when unequipped.
Jewellery
 e - an amulet of the acrobat (around neck)
 h - a ring of fire
Scrolls
 n - 4 scrolls of identify
Potions
 b - 2 potions of attraction
 d - 4 potions of might
 f - a potion of lignification {unknown}
 g - 3 potions of mutation
 i - a potion of magic
 j - 3 potions of curing
 l - a potion of enlightenment
 q - a potion of heal wounds
 s - a potion of haste {unknown}

Dungeon Overview and Level Annotations

Branches:
Dungeon (6/15)             Temple (1/1) D:5

Altars:
Ashenzari
Cheibriados
Dithmenos
Elyvilon
Fedhas
Gozag
Hepliaklqana
Kikubaaqudgha
Makhleb
Nemelex Xobeh
Okawaru
Qazlal
Ru
Sif Muna
Trog
Uskayaw
Vehumet
Wu Jian
Xom
Yredelemnul
Zin
The Shining One

Shops:
D:6 :

Annotations:
D:3 1 runed translucent door, qw's ghost, weakling NaHu


Message History

You hit the boulder beetle but do no damage.
The boulder beetle is lightly wounded.
The boulder beetle bites you.
You slash the boulder beetle!
The boulder beetle is moderately wounded.
The boulder beetle bites you!
6024 ||| READING scroll of teleportation.
As you read the scroll of teleportation, it crumbles to dust.
You feel strangely unstable.
The boulder beetle bites you but does no damage.
6025 ||| DRINKING 2 potions of heal wounds.
You feel much better. The boulder beetle bites you!
You hit the boulder beetle.
You kick the boulder beetle, but do no damage.
The boulder beetle is moderately wounded.
The boulder beetle bites you but does no damage.
You slash the boulder beetle!
You kick the boulder beetle, but do no damage.
The boulder beetle is heavily wounded.
The boulder beetle leaps!
You throw a javelin.
The javelin pierces through the boulder beetle but does no damage.
The boulder beetle is heavily wounded.
Your surroundings suddenly seem different.
You start resting.
A boulder beetle is nearby!
You throw a javelin.
The javelin pierces through the boulder beetle.
The boulder beetle is moderately wounded.
You throw a javelin.
The javelin pierces through the boulder beetle.
The boulder beetle is moderately wounded.
The boulder beetle curls into a ball and begins rolling!
You hit the boulder beetle but do no damage.
You kick the boulder beetle, but do no damage.
The boulder beetle is moderately wounded.
The boulder beetle hits you!!!
Ouch! That really hurt!
You die...

##.## #####.#### #........###
####.# #........# ##.....#.# #
#.##.# #.###.##.###........# #
...#.######.##...#.##.........###
..................\.'.........+..
...#.######.##...#.##.........###
#.##.## #.##..##.###......%<###
....#.# #.##.###.####.....#....
.###.## #.....@B0#.......######
.# ### ####.####.(#####.# .# #.#
#..# #(## .# #)####..# #B. ?#
#.......# #.## .#
######..#####.## .# #.........#
.# ######...## .# ##.##


You could see a boulder beetle (rolling).

Vanquished Creatures
  Pikel (D:5)
  A troll (D:6)
  Prince Ribbit (D:6)
  2 yaks (D:6)
  Duvessa (D:5)
  2 black bears (D:6)
  An ice beast (D:5)
  A sky beast (D:5)
  3 ogres
  A phantom (D:6)
  A bullfrog (D:6)
  2 scorpions (D:5)
  Dowan (D:5)
  2 jellies
  A gnoll bouda (D:6)
  3 hounds
  Jessica (D:3)
  3 iguanas
  Ijyb (D:4)
  5 orc wizards
  Robin (D:4)
  15 gnolls
  8 adders
  A white imp (D:4)
  3 ufetubi
  2 worms (D:3)
  3 dart slugs (D:2)
  13 orcs
  7 endoplasms
  18 goblins
  11 hobgoblins
  8 jackals
  9 kobolds
  5 quokkas
  3 ball pythons
  A bat (D:2)
  2 rats
144 creatures vanquished.

Notes
Turn   | Place    | Note
-------+----------+-------------------------------------------
     0 | D:1      | qw the Gargoyle Fighter began the quest for the Orb.
     0 | D:1      | Reached XP level 1. HP: 14/14 MP: 1/1
     0 | D:1      | 0 ||| qw: Version: 0.3-a-2-g5ab2908
     0 | D:1      | 0 ||| qw: Game counter: 355
     0 | D:1      | 0 ||| qw: Always use a shield: true
     0 | D:1      | 0 ||| qw: God list: Okawaru
     0 | D:1      | 0 ||| qw: Allow faded altars: false
     0 | D:1      | 0 ||| qw: Do Orc after D:15 true
     0 | D:1      | 0 ||| qw: Do second Lair branch before Depths: true
     0 | D:1      | 0 ||| qw: Lair rune preference: random
     0 | D:1      | 0 ||| qw: Plans: Normal, Zot:1-4, Slime:5, God:TSO, Crypt,
                  | Tomb, Abyss, Pan, Hells, Win
     0 | D:1      | 0 ||| PLANNING D:1-11
    80 | D:1      | Reached skill level 2 in Axes
   152 | D:1      | Reached XP level 2. HP: 19/19 MP: 2/2
   533 | D:1      | 533 ||| DROPPING +0 club.
   676 | D:1      | Reached skill level 3 in Axes
   728 | D:1      | Found a faded altar of an unknown god.
   868 | D:1      | 868 ||| UPGRADING to +0 chain mail.
   878 | D:1      | 878 ||| DROPPING +0 scale mail.
   879 | D:1      | 879 ||| UPGRADING to +0 pair of gloves.
   884 | D:1      | 884 ||| UPGRADING to amulet of the acrobat.
   889 | D:1      | 889 ||| READING scroll labelled WUVVICYIRU.
   890 | D:1      | 890 ||| READING scroll labelled VEMACEQUDA.
   891 | D:1      | 891 ||| READING 4 scrolls labelled QIAKHAQARCH.
   892 | D:1      | 892 ||| READING 2 scrolls labelled FUDGHE TIATITZ.
   895 | D:1      | 895 ||| READING 3 scrolls of identify.
   895 | D:1      | 895 ||| IDENTIFYING white potion
   896 | D:1      | 896 ||| READING 2 scrolls of identify.
   896 | D:1      | 896 ||| IDENTIFYING murky white potion
   912 | D:2      | Reached XP level 3. HP: 23/23 MP: 3/3
   947 | D:2      | 947 ||| Stepping ~*~*~tactically~*~*~ (stealth).
   951 | D:2      | 951 ||| Stepping ~*~*~tactically~*~*~ (stealth).
   960 | D:2      | 960 ||| Stepping ~*~*~tactically~*~*~ (hiding).
   961 | D:2      | 961 ||| Stepping ~*~*~tactically~*~*~ (hiding).
   962 | D:2      | 962 ||| Stepping ~*~*~tactically~*~*~ (hiding).
  1060 | D:2      | 1060 ||| Stepping ~*~*~tactically~*~*~ (stealth).
  1114 | D:2      | 1114 ||| Stepping ~*~*~tactically~*~*~ (stealth).
  1252 | D:2      | 1252 ||| Stepping ~*~*~tactically~*~*~ (hiding).
  1390 | D:2      | Reached XP level 4. HP: 26/28 MP: 4/4
  1483 | D:2      | 1483 ||| Stepping ~*~*~tactically~*~*~ (stealth).
  1487 | D:2      | Reached skill level 4 in Axes
  1581 | D:2      | 1581 ||| READING scroll labelled PAGIHOICUL.
  1582 | D:2      | 1582 ||| READING scroll labelled JADWEL IMEHAOL.
  1583 | D:2      | 1583 ||| READING 4 scrolls of identify.
  1583 | D:2      | 1583 ||| IDENTIFYING lumpy silvery potion
  1584 | D:2      | 1584 ||| READING 3 scrolls of identify.
  1584 | D:2      | 1584 ||| IDENTIFYING emerald potion
  1585 | D:2      | 1585 ||| READING 2 scrolls of identify.
  1585 | D:2      | 1585 ||| IDENTIFYING lumpy inky potion
  1586 | D:2      | 1586 ||| DROPPING potion of brilliance.
  1636 | D:3      | Noticed Jessica
  1637 | D:3      | 1637 ||| Stepping ~*~*~tactically~*~*~ (hiding).
  1643 | D:3      | Killed Jessica
  1811 | D:3      | Found a runed translucent door.
  1811 | D:3      | Noticed a bullfrog
  1816 | D:3      | Noticed qw's ghost (weakling NaHu)
  1980 | D:3      | Reached XP level 5. HP: 32/32 MP: 5/5
  2233 | D:3      | 2233 ||| Stepping ~*~*~tactically~*~*~ (stealth).
  2256 | D:3      | 2256 ||| DROPPING +0 whip.
  2288 | D:3      | 2288 ||| FLEEEEING.
  2289 | D:3      | 2289 ||| FLEEEEING.
  2299 | D:3      | 2299 ||| STAIRDANCE
  2340 | D:2      | 2340 ||| READING scroll labelled PETUCA PA VISAMM.
  2341 | D:2      | 2341 ||| DRINKING 3 lumpy orange potions.
  2342 | D:2      | 2342 ||| DRINKING 2 grey potions.
  2342 | D:2      | Gained mutation: You have large cloven feet. [potion of
                  | mutation]
  2342 | D:2      | Gained mutation: Your muscles are strong. (Str +4, Int/Dex
                  | -1) [potion of mutation]
  2342 | D:2      | Gained mutation: You are strong-willed. (Will+) [potion of
                  | mutation]
  2353 | D:3      | Reached skill level 5 in Axes
  2397 | D:3      | Found a snail-covered altar of Cheibriados.
  2608 | D:3      | 2608 ||| READING scroll labelled HEWKEU IJECUN.
  2691 | D:4      | Noticed Ijyb
  2706 | D:4      | HP: 7/32 [gnoll/+0 club (2)]
  2707 | D:4      | 2707 ||| READING 3 scrolls of teleportation.
  2708 | D:4      | 2708 ||| DRINKING 2 potions of heal wounds.
  2749 | D:4      | Reached XP level 6. HP: 32/38 MP: 6/6
  2783 | D:4      | 2783 ||| Stepping ~*~*~tactically~*~*~ (stealth).
  2784 | D:4      | 2784 ||| Stepping ~*~*~tactically~*~*~ (stealth).
  2786 | D:4      | 2786 ||| Stepping ~*~*~tactically~*~*~ (hiding).
  2830 | D:4      | 2830 ||| Stepping ~*~*~tactically~*~*~ (stealth).
  2878 | D:4      | 2878 ||| Stepping ~*~*~tactically~*~*~ (hiding).
  2884 | D:4      | Killed Ijyb
  3097 | D:4      | 3097 ||| Stepping ~*~*~tactically~*~*~ (hiding).
  3225 | D:4      | Reached skill level 6 in Axes
  3254 | D:4      | Noticed Robin
  3266 | D:4      | Killed Robin
  3445 | D:4      | 3445 ||| UPGRADING to +0 helmet.
  3450 | D:4      | 3450 ||| READING scroll labelled XUPNEQ PARGHIHY.
  3451 | D:4      | 3451 ||| READING scroll labelled DAESHR COKESK.
  3452 | D:4      | 3452 ||| READING scroll labelled NAMYECUILA.
  3581 | D:5      | Entered Level 5 of the Dungeon
  3590 | D:5      | Reached skill level 1 in Dodging
  3590 | D:5      | Reached XP level 7. HP: 43/43 MP: 7/7
  3753 | D:5      | Reached skill level 7 in Axes
  3855 | D:5      | Noticed Pikel
  3880 | D:5      | Killed Pikel
  3881 | D:5      | Reached XP level 8. HP: 30/53 MP: 8/8
  3883 | D:5      | 3883 ||| FLEEEEING.
  3884 | D:5      | 3884 ||| FLEEEEING.
  3885 | D:5      | 3885 ||| FLEEEEING.
  3886 | D:5      | 3886 ||| FLEEEEING.
  3887 | D:5      | 3887 ||| FLEEEEING.
  3888 | D:5      | 3888 ||| FLEEEEING.
  3889 | D:5      | 3889 ||| FLEEEEING.
  3890 | D:5      | 3890 ||| FLEEEEING.
  3891 | D:5      | 3891 ||| FLEEEEING.
  3892 | D:5      | 3892 ||| FLEEEEING.
  3894 | D:5      | 3894 ||| FLEEEEING.
  3895 | D:5      | 3895 ||| FLEEEEING.
  3896 | D:5      | 3896 ||| FLEEEEING.
  3897 | D:5      | 3897 ||| FLEEEEING.
  3898 | D:5      | 3898 ||| FLEEEEING.
  3899 | D:5      | 3899 ||| FLEEEEING.
  3900 | D:5      | 3900 ||| FLEEEEING.
  3901 | D:5      | 3901 ||| FLEEEEING.
  3902 | D:5      | 3902 ||| FLEEEEING.
  3903 | D:5      | 3903 ||| FLEEEEING.
  3904 | D:5      | 3904 ||| FLEEEEING.
  3905 | D:5      | 3905 ||| FLEEEEING.
  3906 | D:5      | 3906 ||| FLEEEEING.
  3907 | D:5      | 3907 ||| FLEEEEING.
  3908 | D:5      | 3908 ||| FLEEEEING.
  3909 | D:5      | 3909 ||| FLEEEEING.
  3910 | D:5      | 3910 ||| FLEEEEING.
  3911 | D:5      | 3911 ||| FLEEEEING.
  3913 | D:5      | 3913 ||| FLEEEEING.
  3915 | D:5      | 3915 ||| FLEEEEING.
  3916 | D:5      | 3916 ||| FLEEEEING.
  3917 | D:5      | 3917 ||| FLEEEEING.
  3918 | D:5      | 3918 ||| FLEEEEING.
  3919 | D:5      | 3919 ||| FLEEEEING.
  3920 | D:5      | 3920 ||| FLEEEEING.
  3922 | D:5      | 3922 ||| FLEEEEING.
  3923 | D:5      | 3923 ||| FLEEEEING.
  3924 | D:5      | 3924 ||| FLEEEEING.
  3925 | D:5      | 3925 ||| FLEEEEING.
  3926 | D:5      | 3926 ||| FLEEEEING.
  3927 | D:5      | 3927 ||| FLEEEEING.
  3928 | D:5      | 3928 ||| FLEEEEING.
  3929 | D:5      | 3929 ||| FLEEEEING.
  3930 | D:5      | 3930 ||| FLEEEEING.
  3931 | D:5      | 3931 ||| FLEEEEING.
  3932 | D:5      | 3932 ||| FLEEEEING.
  3933 | D:5      | 3933 ||| FLEEEEING.
  3934 | D:5      | 3934 ||| FLEEEEING.
  3935 | D:5      | 3935 ||| FLEEEEING.
  3936 | D:5      | 3936 ||| FLEEEEING.
  3937 | D:5      | 3937 ||| FLEEEEING.
  3938 | D:5      | 3938 ||| FLEEEEING.
  3939 | D:5      | 3939 ||| FLEEEEING.
  3940 | D:5      | 3940 ||| STAIRDANCE
  3965 | D:5      | 3965 ||| STAIRDANCE
  4063 | D:5      | Found a staircase to the Ecumenical Temple.
  4064 | D:5      | 4064 ||| PLANNING TEMPLE
  4066 | D:5      | Noticed Dowan
  4067 | D:5      | Noticed Duvessa
  4082 | D:5      | HP: 12/53 [Dowan/+0 dagger (5)]
  4083 | D:5      | 4083 ||| READING 2 scrolls of teleportation.
  4084 | D:5      | 4084 ||| DRINKING potion of heal wounds.
  4227 | D:5      | 4227 ||| Stepping ~*~*~tactically~*~*~ (stealth).
  4244 | D:5      | Killed Duvessa
  4246 | D:5      | Killed Dowan
  4285 | Temple   | Entered the Ecumenical Temple
  4286 | Temple   | 4286 ||| PLANNING OKAWARU WORSHIP
  4292 | Temple   | Became a worshipper of Warmaster Okawaru
  4293 | Temple   | 4293 ||| PLANNING D:1-11
  4380 | D:5      | Found a stormy altar of Qazlal.
  4579 | D:5      | Reached skill level 8 in Axes
  4836 | D:5      | 4836 ||| UPGRADING to +2 helmet.
  4846 | D:5      | 4846 ||| DROPPING +0 helmet.
  4847 | D:5      | 4847 ||| READING scroll labelled WUWNIC KOAKHOM.
  4848 | D:5      | 4848 ||| READING 2 scrolls of identify.
  4848 | D:5      | 4848 ||| IDENTIFYING sedimented pink potion
  4849 | D:5      | 4849 ||| DROPPING potion of ambrosia.
  4872 | D:6      | 4872 ||| DROPPING +0 flail.
  4884 | D:6      | Reached XP level 9. HP: 57/57 MP: 9/9
  4951 | D:6      | Reached * piety under Okawaru
  4952 | D:6      | 4952 ||| INVOKING Heroism.
  4957 | D:6      | Reached skill level 1 in Invocations
  4964 | D:6      | 4964 ||| INVOKING Heroism.
  5034 | D:6      | 5034 ||| FLEEEEING.
  5112 | D:6      | 5112 ||| Stepping ~*~*~tactically~*~*~ (stealth).
  5124 | D:6      | 5124 ||| INVOKING Heroism.
  5126 | D:6      | Reached skill level 9 in Axes
  5200 | D:6      | 5200 ||| Stepping ~*~*~tactically~*~*~ (hiding).
  5244 | D:6      | Noticed a troll
  5245 | D:6      | 5245 ||| INVOKING Heroism.
  5246 | D:6      | 5246 ||| INVOKING Heroism.
  5251 | D:6      | Killed a troll
  5404 | D:6      | 5404 ||| READING scroll of enchant weapon.
  5404 | D:6      | 5404 ||| ENCHANTING +1 war axe.
  5409 | D:6      | 5409 ||| INVOKING Heroism.
  5450 | D:6      | Found a glowing golden altar of the Shining One.
  5451 | D:6      | Found a blossoming altar of Fedhas.
  5568 | D:6      | Reached skill level 3 in Invocations
  5682 | D:6      | 5682 ||| INVOKING Heroism.
  5701 | D:6      | Identified the +0 chain mail of Sin {Drain rF+ rC+ Str+2}
  5841 | D:6      | Found Kamats's Book Emporium.
  5852 | D:6      | 5852 ||| INVOKING Heroism.
  5983 | D:6      | Noticed Prince Ribbit
  5984 | D:6      | 5984 ||| INVOKING Heroism.
  5992 | D:6      | Killed Prince Ribbit
  6014 | D:6      | Noticed a boulder beetle
  6023 | D:6      | HP: 8/57 [boulder beetle (7)]
  6024 | D:6      | 6024 ||| READING scroll of teleportation.
  6025 | D:6      | 6025 ||| DRINKING 2 potions of heal wounds.
  6057 | D:6      | Slain by a boulder beetle

Levels and vault maps discovered:
D:1:      lemuel_arrival_broad_hall, layout_loops_corners,
          shapermc_ecumenical_altar_acropolis
D:2:      layout_rooms, serial_glass, glass_columns_a, glass_columns_c
D:3:      layout_loops_ring, slow_altar_2, ebering_ghost_sewer_d, uniq_jessica
D:4:      layout_cave_pools, uniq_ijyb, uniq_robin
D:5:      layout_loops_ring, nicolae_qazlal_beasts_of_the_sky,
          minmay_temple_entry_sparse_star, uniq_duvessa, uniq_pikel
D:6:      layout_loops_corners, mainiacjoe_overflow_divided_tiny, serial_shops,
          shop, st_stairs_6, kb_rosetta, uniq_prince_ribbit1
Temple:   nicolae_temple_no_exploring_needed

Skill      XL: |  1  2  3  4  5  6  7  8  9 |
---------------+----------------------------+-----
Axes           | 2 3 4 5 6 7 8 9 |  9.7
Fighting       | 4 7 |  7.1
Dodging        | 1 |  1.3
Armour         | 4 5 |  5.2
Invocations    | 3 |  3.3
Shields        | 4 |  4.2
Throwing       | |  0.4

Action                     |  1- 3 |  4- 6 |  7- 9 || total
---------------------------+-------+-------+-------++-------
  Melee: War axe           |    69 |   185 |   233 ||   487
         Kick              |       |    21 |    62 ||    83
  Throw: Boomerang         |    51 |    11 |       ||    62
         Javelin           |       |       |    12 ||    12
 Invoke: Heroism           |       |       |     8 ||     8
    Use: Scroll            |     6 |    11 |     5 ||    22
         Potion            |       |     3 |     2 ||     5
 Armour: Scale mail        |    21 |       |       ||    21
         Chain mail        |    25 |   140 |   138 ||   303
  Dodge: Dodged            |    34 |    84 |    88 ||   206
  Block: Buckler           |    14 |    31 |    42 ||    87

Table legend:
 A = Non-vault XP
 B = Vault XP
 C = Vault XP percentage of total XP
 D = Non-vault monster count
 E = Vault monster count
 F = Vault count percentage of total count
                 A         B        C        D         E       F
            +---------+---------+-------+---------+---------+-------
      Total |    2102 |    2183 |  50.9 |     118 |      26 |  18.1
            +---------+---------+-------+---------+---------+-------
        D:1 |      30 |       0 |   0.0 |      16 |       0 |   0.0
        D:2 |      70 |       0 |   0.0 |      25 |       0 |   0.0
        D:3 |     114 |      42 |  26.9 |      19 |       2 |   9.5
        D:4 |     318 |      73 |  18.7 |      26 |      14 |  35.0
        D:5 |     611 |     976 |  61.5 |       9 |       4 |  30.8
        D:6 |     959 |    1092 |  53.2 |      23 |       6 |  20.7
            +---------+---------+-------+---------+---------+-------
